 Dungeon Crawl Stone Soup version 0.30-a0-177-g1cb5dbfd7a (webtiles) character file.

Game seed: 6144661017930045583

265 epen the Chiller (level 6, -7/44 HPs)
             Began as a Gnoll Ice Elementalist on Oct 2, 2022.
             Splashed by a jelly's acid (10 damage)
             ... on level 4 of the Dungeon.
             The game lasted 00:03:58 (3303 turns).

epen the Chiller (Gnoll Ice Elementalist)           Turns: 3303, Time: 00:03:58

Health: -7/44      AC: -1    Str:  7    XL:     6   Next: 20%
Magic:  11/14      EV: 13    Int: 21    God:
Gold:   173        SH:  0    Dex: 12    Spells: 11/15 levels left

rFire   . . .      SeeInvis .    q - +10 spear "Vuadaeb" {vorpal, Int+4}
rCold   . . .      Faith    .    (no shield)
rNeg    . . .      Spirit   .    a - +0 robe
rPois   .          Reflect  .    (no helmet)
rElec   .          Harm     .    (no cloak)
rCorr   .          Rampage  .    (no gloves)
Will    .....                    (no boots)
Stlth   +++.......               (no amulet)
HPRegen 0.27/turn                (no ring)
MPRegen 0.14/turn                (no ring)

@: corroded, freezing walls, invisible
A: fangs 1, strong nose, distributed training
a: no special abilities


You were on level 4 of the Dungeon.
You visited 1 branch of the dungeon, and saw 4 of its levels.

You collected 173 gold pieces.

Inventory:

Hand Weapons
 i - a +0 dagger
 q - the +10 spear "Vuadaeb" (weapon) {vorpal, Int+4}
   (You took it off a goblin on level 3 of the Dungeon)

   It inflicts extra damage upon your enemies.
   Int:       It affects your intelligence (+4).
Armour
 a - a +0 robe (worn)
 j - a +0 buckler
Jewellery
 e - an amulet of faith
 g - an amulet of guardian spirit
 h - a +6 ring of strength
 r - a +4 ring of evasion
Wands
 t - a wand of paralysis (9)
Scrolls
 c - 10 scrolls of identify {unknown}
 m - a scroll of fear {unknown}
 o - a scroll of summoning {unknown}
 u - a scroll of blinking {unknown}
Potions
 b - a potion of magic
 d - a potion of invisibility
 f - 2 potions of heal wounds {unknown}
 k - a potion of haste {unknown}
 l - 4 potions of curing {unknown}
 n - a potion of mutation {unknown}
 p - a potion of degeneration {unknown}
 s - a potion of brilliance {unknown}
 v - a potion of flight {unknown}


   Skills:
 + Level 1.9 Fighting
 + Level 1.9 Short Blades
 + Level 1.9 Long Blades
 + Level 1.9 Axes
 + Level 1.9 Maces & Flails
 + Level 1.9 Polearms
 + Level 1.9 Staves
 + Level 1.9 Ranged Weapons
 + Level 1.9 Throwing
 + Level 1.9 Armour
 + Level 5.0 Dodging
 + Level 4.6 Stealth
 + Level 1.9 Shields
 + Level 1.9 Unarmed Combat
 + Level 5.3 Spellcasting
 + Level 1.5 Conjurations
 + Level 1.5 Hexes
 + Level 1.5 Summonings
 + Level 1.5 Necromancy
 + Level 1.5 Translocations
 + Level 1.5 Transmutations
 + Level 1.5 Fire Magic
 + Level 7.3 Ice Magic
 + Level 1.5 Air Magic
 + Level 1.5 Earth Magic
 + Level 1.5 Poison Magic
 + Level 2.1 Invocations
 + Level 1.9 Evocations


You had 11 spell levels left.
You knew the following spells:

 Your Spells              Type           Power      Damage    Failure   Level
a - Freeze                Ice            100%       1d11      1%          1
b - Frozen Ramparts       Ice            72%        1d11      1%          3

Your spell library contained the following spells:

 Spells                   Type           Power      Damage    Failure   Level
 Ozocubu's Armour         Ice            36%        N/A       1%          3
 Apportation              Tloc           24%        N/A       5%          1
 Necrotise                Necr           48%        1d6       5%          1
 Summon Small Mammal      Summ           48%        N/A       5%          1
 Call Canine Familiar     Summ           12%        N/A       17%         3
 Summon Guardian Golem    Hex/Summ       12%        N/A       17%         3
 Summon Ice Beast         Ice/Summ       24%        N/A       17%         4


Dungeon Overview and Level Annotations

Branches:
Dungeon (4/15)
 Temple: D:4-7

Altars:
Dithmenos

Shops:
D:1 *


Innate Abilities, Weirdness & Mutations

You have very sharp teeth.
Your uncanny sense of smell can sniff out nearby items.
Your experience applies equally to all skills.


Message History

An orc comes into view. It is wielding a +0 whip.
The orc shouts!
You hear a shout!
An orc comes into view. It is wielding a +0 flail.
A kobold comes into view. It is wielding a +0 short sword.
There are monsters nearby!
The orc shouts!
The kobold shouts!
An orc comes into view. It is wielding a +0 hand axe.
A jelly comes into view.
An orc priest comes into view. It is wielding a +0 short sword.
The orc priest shouts!
The jelly quivers.
You see here a scroll labelled ZAATEI IPUKHIB.
Casting: Frozen Ramparts (safe; 1% risk of failure)
Confirm with . or Enter, or press ? or * to list all spells.
Casting: Frozen Ramparts (safe; 1% risk of failure)
Press: ? - help, Dir - look around, f - activate The walls around you are covered in ice.
The wall freezes the orc.
You hit the orc.
You kill the orc!
The wall freezes the jelly.
The wall freezes the kobold!
You kill the kobold!
The orc priest mumbles some strange prayers to Beogh against you.
Beogh smites you!
You hit the jelly.
Your hands burn!
The jelly is severely wounded.
The wall freezes the jelly.
The jelly hits you.
You are splashed with acid!
The orc priest calls down the wrath of Beogh upon you.
Beogh smites you!
* * * LOW HITPOINT WARNING * * *
It was a potion of invisibility.
You fade into invisibility!
The wall freezes the orc!
You kill the orc!
The wall freezes the orc!
You kill the orc!
The wall freezes the jelly.
The jelly hits you.
* * * LOW HITPOINT WARNING * * *
The acid corrodes you!
You are splashed with acid!
You die...

#..#######
..
#........#
.
#..#####.#
.#####..#
...<....#
###.##..#
# #..#
#.##..#
#....@# ∆
#..#J##
#..))
##.#.
#o... ...
.. ###...#
#########
.#
#.)......
#.#######


You could see a jelly and an orc priest (unable to see you).

Vanquished Creatures
  Blork the orc (D:4)
  A scorpion (D:4)
  An iguana (D:4)
  4 adders
  A shadow imp (D:4)
  A worm (D:3)
  3 dart slugs (D:2)
  3 orcs (D:4)
  3 endoplasms
  3 giant cockroaches
  10 goblins
  3 hobgoblins
  5 kobolds
  2 quokkas
  5 ball pythons
  9 bats
  4 frilled lizards
  7 rats
66 creatures vanquished.

Notes
Turn   | Place    | Note
-------+----------+-------------------------------------------
     0 | D:1      | epen the Gnoll Ice Elementalist began the quest for the
                  | Orb.
     0 | D:1      | Reached XP level 1. HP: 13/13 MP: 6/6
   306 | D:1      | Found Xuhacuan's Assorted Antiques.
   412 | D:1      | Reached XP level 2. HP: 12/19 MP: 5/7
  1021 | D:2      | Reached skill level 5 in Spellcasting
  1021 | D:2      | Reached XP level 3. HP: 25/25 MP: 5/9
  1185 | D:2      | Reached skill level 1 in Invocations
  1481 | D:2      | Reached skill level 1 in Fighting
  1481 | D:2      | Reached skill level 1 in Short Blades
  1481 | D:2      | Reached skill level 1 in Long Blades
  1481 | D:2      | Reached skill level 1 in Axes
  1481 | D:2      | Reached skill level 1 in Maces & Flails
  1481 | D:2      | Reached skill level 1 in Polearms
  1481 | D:2      | Reached skill level 1 in Staves
  1481 | D:2      | Reached skill level 1 in Ranged Weapons
  1481 | D:2      | Reached skill level 1 in Throwing
  1481 | D:2      | Reached skill level 1 in Armour
  1481 | D:2      | Reached skill level 1 in Shields
  1481 | D:2      | Reached skill level 1 in Unarmed Combat
  1481 | D:2      | Reached skill level 1 in Evocations
  1871 | D:3      | Learned a level 3 spell: Frozen Ramparts
  1894 | D:3      | Identified the +10 spear "Vuadaeb" {vorpal, Int+4}
  2157 | D:3      | Reached XP level 4. HP: 15/32 MP: 7/11
  2753 | D:4      | Reached skill level 1 in Conjurations
  2753 | D:4      | Reached skill level 1 in Hexes
  2753 | D:4      | Reached skill level 1 in Summonings
  2753 | D:4      | Reached skill level 1 in Necromancy
  2753 | D:4      | Reached skill level 1 in Translocations
  2753 | D:4      | Reached skill level 1 in Transmutations
  2753 | D:4      | Reached skill level 1 in Fire Magic
  2753 | D:4      | Reached skill level 1 in Air Magic
  2753 | D:4      | Reached skill level 1 in Earth Magic
  2753 | D:4      | Reached skill level 1 in Poison Magic
  2819 | D:4      | Reached XP level 5. HP: 37/37 MP: 8/12
  2851 | D:4      | Found a shadowy altar of Dithmenos.
  3128 | D:4      | Noticed Blork the orc
  3136 | D:4      | Killed Blork the orc
  3137 | D:4      | Reached XP level 6. HP: 13/44 MP: 10/14
  3273 | D:4      | Reached skill level 5 in Dodging
  3303 | D:4      | Splashed by a jelly's acid

Illustrated notes

Levels and vault maps discovered:
D:1:      dpeg_arrival_water_temple_mockup, layout_basic, serial_shops, shop
D:2:      kb_forest_paths, layout_loops_ring, chequers_hall_statues_corner_a
D:3:      layout_basic, kennysheep_generic_room_3
D:4:      layout_loops_ring, nicolae_dithmenos_shadow_blocks,
          minmay_temple_entry_antechambers, uniq_blork_the_orc

Skill      XL: |  1  2  3  4  5  6 |
---------------+-------------------+-----
Spellcasting   | 5 |  5.3
Invocations    | 1 2 |  2.1
Fighting       | 1 |  1.9
Short Blades   | 1 |  1.9
Long Blades    | 1 |  1.9
Axes           | 1 |  1.9
Maces & Flails | 1 |  1.9
Polearms       | 1 |  1.9
Staves         | 1 |  1.9
Ranged Weapons | 1 |  1.9
Throwing       | 1 |  1.9
Armour         | 1 |  1.9
Shields        | 1 |  1.9
Unarmed Combat | 1 |  1.9
Evocations     | 1 |  1.9
Conjurations   | 1 |  1.5
Hexes          | 1 |  1.5
Summonings     | 1 |  1.5
Necromancy     | 1 |  1.5
Translocations | 1 |  1.5
Transmutations | 1 |  1.5
Fire Magic     | 1 |  1.5
Air Magic      | 1 |  1.5
Earth Magic    | 1 |  1.5
Poison Magic   | 1 |  1.5
Dodging        | 5 |  5.0
Stealth        | |  4.6
Ice Magic      | |  7.3

Action                   |  1- 3 |  4- 6 || total
-------------------------+-------+-------++-------
Melee: Unarmed           |     6 |       ||     6
       Dagger            |    63 |       ||    63
       Bite              |     5 |     2 ||     7
       Spear             |    10 |    43 ||    53
 Cast: Freeze            |    17 |       ||    17
       Frozen Ramparts   |     1 |     5 ||     6
  Use: Potion            |       |     1 ||     1
 Stab: Sleeping          |    15 |     3 ||    18
       Distracted        |     1 |     1 ||     2
Armor: Robe              |    13 |     1 ||    14
Dodge: Dodged            |    48 |    14 ||    62

Table legend: (Time is in decaauts)
 A = Elapsed time spent in this place.
 B = Non-inter-level travel time spent in this place.
 C = Inter-level travel time spent in this place.
 D = Time resting spent in this place.
 E = Time spent auto-exploring this place.
 F = Levels seen in this place.
 G = Mean time per level.
                   A        B        C        D        E       F      G
               +--------+--------+--------+--------+--------+-----+--------+
         Total |   3302 |   3120 |    182 |    110 |   2576 |   4 |  825.5 |
       Dungeon |   3302 |   3120 |    182 |    110 |   2576 |   4 |  825.5 |
               +--------+--------+--------+--------+--------+-----+--------+

Top non-repeatable levels by time:
     D:1: 960 daAuts
     D:2: 897 daAuts
     D:3: 836 daAuts
     D:4: 608 daAuts
